 Dungeon Crawl Stone Soup version 0.27.1-34-g3ba077fa99 (webtiles) character file.

Game seed: 10290042481957485051

14 pkoi the Caller (level 2, 0/20 HPs)
             Began as a Draconian Summoner on Jan 18, 2022.
             Succumbed to a goblin's poison
             ... on level 1 of the Dungeon.
             The game lasted 00:02:26 (445 turns).

pkoi the Caller (Draconian Summoner)                 Turns: 445, Time: 00:02:27

Health: 0/20       AC:  4    Str: 10    XL:     2   Next: 31%
Magic:  3/5        EV: 12    Int: 15    God:
Gold:   27         SH:  0    Dex: 11    Spells: 4/5 levels left

rFire    . . .     SeeInvis .   c - +0 dagger
rCold    . . .     Faith    .   (no shield)
rNeg     . . .     Spirit   .   (armour unavailable)
rPois    .         Reflect  .   (helmet restricted)
rElec    .         Harm     .   (no cloak)
rCorr    .         Rampage  .   (no gloves)
Will     .....                  (no boots)
Stlth    ++........             (no amulet)
HPRegen  0.06/turn              (no ring)
MPRegen  0.09/turn              (no ring)

@: lethally poisoned (0 -> -6)
A: AC +4, unfitting armour, cold-blooded
a: no special abilities


You were on level 1 of the Dungeon.
You visited 1 branch of the dungeon, and saw 2 of its levels.

You collected 27 gold pieces.

Inventory:

Hand Weapons
 c - a +0 dagger (weapon)
 d - a +2 dagger of venom
Missiles
 b - 8 boomerangs


   Skills:
 - Level 1.7 Dodging
 - Level 1.7 Stealth
 + Level 0.0 Unarmed Combat
 + Level 2.4 Spellcasting
 + Level 4.3 Summonings


You had 4 spell levels left.
You knew the following spells:

 Your Spells              Type           Power      Damage    Failure   Level
a - Summon Small Mammal   Summ           56%        N/A       3%          1

Your spell library contained the following spells:

 Spells                   Type           Power      Damage    Failure   Level
 Call Imp                 Summ           14%        N/A       5%          2
 Call Canine Familiar     Summ           14%        N/A       11%         3
 Summon Guardian Golem    Hex/Summ       8%         N/A       26%         3
 Summon Lightning Spire   Summ/Air       8%         N/A       65%         4


Dungeon Overview and Level Annotations

Branches:
Dungeon (2/15)

Altars:


Innate Abilities, Weirdness & Mutations

Your plain brown scales are hard. (AC +4)
You cannot fit into any form of body armour.
You are cold-blooded and may be slowed by cold attacks.


Message History

t - Shout!
Orders for allies: a - Attack new target. r - Retreat! s - Stop attacking. g - Guard the area. f - Follow me.
Anything else - Cancel.
Gang up on whom?
Press: ? - help, Dir - move target, f - goblin
Aim: a goblin, wielding a +2 dagger of venom (heavily wounded, ally target) Attack!
You feel very sick. The goblin completely misses you.
The goblin barely misses your quokka.
Your rat barely misses the goblin.
* * * LOW HITPOINT WARNING * * *
You feel very sick.
Your rat bites the goblin.
The goblin dies!
Your quokka misses the goblin.
* * * LOW HITPOINT WARNING * * *
You feel sick.
Your quokka misses the goblin.
Your rat barely misses the goblin.
Things that are here:
a +2 dagger of venom; a goblin corpse You aren't carrying any potions.
d - a +2 dagger of venom
* * * LOW HITPOINT WARNING * * *
You feel very sick.
Your quokka completely misses the goblin.
Your rat closely misses the goblin.
The goblin hits your rat with a +0 dagger.
Unknown command.
As you read the scroll labelled NOTUACKOUT, it crumbles to dust.
It is a scroll of identify.
You don't have any unidentified items.
* * * LOW HITPOINT WARNING * * *
You feel sick.
Your quokka barely misses the goblin.
The goblin hits your rat with a +0 dagger.
Your rat dies!
Your rat's corpse disappears in a puff of smoke!
Your quokka closely misses the goblin.
You die...

......#......#####
......#..#.......#
......[....r####.##
.....##..##..#.....
.###..#.r#.....#.####
^##........#.##.....#
##..#....###........#
......#.......r.....#
...####..## ##g§@...# ###
#....###......# ###
#.##......†...######
..#####.######...........##
..(..##.# #.†..........#
.###.##.# #......#.≈≈≈.#
..##.##.# #..#####.≈_≈.#
..##.##.# #..###...≈≈≈.#
..##.##.#######....†......#


You could see a goblin (ally target) and a friendly quokka (summoned).

Vanquished Creatures
  A dart slug (D:2)
  An endoplasm (D:2)
  A goblin (D:1)
  A rat (D:1)
4 creatures vanquished.

Vanquished Creatures (collateral kills)
  A ball python (D:1)
  2 endoplasms (D:1)
  A giant cockroach (D:1)
  2 goblins (D:1)
  2 hobgoblins (D:1)
  A kobold (D:2)
  2 bats (D:1)
  2 frilled lizards (D:1)
13 creatures vanquished.

Grand Total: 17 creatures vanquished

Notes
Turn   | Place    | Note
-------+----------+-------------------------------------------
     0 | D:1      | pkoi the Draconian Summoner began the quest for the Orb.
     0 | D:1      | Reached XP level 1. HP: 14/14 MP: 3/3
   109 | D:1      | You fall into a shaft and drop 1 floor!
   233 | D:1      | Reached XP level 2. HP: 12/20 MP: 0/5
   390 | D:1      | Found a faded altar of an unknown god.
   445 | D:1      | Succumbed to a goblin's poison

Illustrated notes

Levels and vault maps discovered:
D:1:      lightli_arrival_boilingwater, layout_rooms,
          hellmonk_ecumenical_altar_pennies_from_heaven, minmay_misc_feat_square
D:2:      layout_loops_ring, basic_altar, cheibrodos_gnoll_hut

Action                   || total
-------------------------++-------
Melee: Unarmed           ||    26
       Dagger            ||     8
       Tailslap          ||     1
 Cast: Summon Small Mamm ||    17
  Use: Scroll            ||     1
 Stab: Distracted        ||     1
Armor: Skin              ||    17
Dodge: Dodged            ||    24
